Panthers vs Ducks

Created - Sunday, November 16, 2014 at 23:23

Goals
1 2 3 OT1 T
Panthers 0 0 1 1 2
Ducks 1 0 0 0 1
Shots
1 2 3 OT1 T
Panthers 5 7 10 3 25
Ducks 13 4 7 2 26

1st period

1. Ducks , Tom Pyatt 2 (Anton Stralman, TJ Galiardi) at 9:24

Penalties :
Shawn Horcoff (Fla) for Interference (Minor) at 1:37, Paul Ranger (Fla) for High sticking (Minor) at 5:40, Adam Larsson (Fla) for Tripping (Minor) at 6:27, Martin St. Louis (Ana) for Roughing (Double Minor) at 15:58

2nd period

No Goal

Penalties :
Martin St. Louis (Ana) for Holding (Minor) at 3:06

3rd period

2. Panthers , Brad Boyes 5 (David Booth, Cal Heeter) at 2:21

Penalties :
Marc Staal (Ana) for Tripping (Minor) at 5:18, Sean Bergenheim (Ana) for Hooking (Minor) at 9:35, Paul Ranger (Fla) for Holding (Minor) at 14:32, Jonathan Huberdeau (Ana) for Boarding (Minor) at 19:21

Overtime #1

3. Panthers , Alex Galchenyuk 6 (Adam Larsson, David Booth) at 2:04

Penalties :
No Penalty

Goalie Stats

Cal Heeter (Fla), 25 saves from 26 shots - (0.962), W, 3-11-0, 62:04 minutes
Jonathan Bernier (Ana), 23 saves from 25 shots - (0.920), OTL, 4-6-3, 62:04 minutes

Players Stats for Panthers

Player Name              G  A  P  +/- PIM S  H  SB GA TA FO     MP     PP MP  PK MP  
------------------------------------------------------------------------------------
Adam Larsson             0  1  1   1  2   0  2  2  0  4  0/0    23:21   5:07   2:42 
Alex Galchenyuk          1  0  1   1  0   4  1  0  2  0  0/4    12:16   0:23   0:00 
Brad Boyes               1  0  1   0  0   2  2  1  3  0  8/20   25:33   5:34   2:10 
Colin McDonald           0  0  0   0  0   0  0  1  0  0  0/0     7:30   0:00   0:00 
David Booth              0  2  2   1  0   1  4  1  0  0  0/0    12:40   0:00   0:31 
Dustin Penner            0  0  0   0  0   0  0  0  1  0  0/0    17:07   4:37   0:00 
Jack Hillen              0  0  0   0  0   2  0  1  0  2  0/0    23:58   5:27   2:29 
Jake Gardiner            0  0  0   0  0   0  0  0  0  0  0/0     0:00   0:00   0:00 
Jakob Silfverberg        0  0  0   0  0   0  0  0  3  0  0/1    17:07   4:37   0:00 
Joe Colborne             0  0  0   0  0   2  1  1  1  0  0/2    15:04   0:00   3:08 
Josh Bailey              0  0  0   0  0   0  0  0  3  0  0/0    19:05   5:57   1:12 
Marco Scandella          0  0  0   0  0   3  3  1  0  5  0/0    32:10   5:27   4:46 
Mats Zuccarello          0  0  0   0  0   5  0  1  2  1  3/10   22:31   5:57   4:28 
Nino Niederreiter        0  0  0   0  0   1  1  0  0  0  1/5     7:30   0:00   0:00 
Paul Ranger              0  0  0   1  4   2  5  0  1  0  0/0    22:15   5:07   1:22 
Seth Jones               0  0  0   0  0   2  0  2  0  4  0/0    17:41   0:00   2:31 
Shawn Horcoff            0  0  0   0  2   1  1  0  2  2  2/7    18:34   4:37   0:24 
Simon Despres            0  0  0   0  0   0  1  0  0  1  0/0     5:49   0:00   0:00 

Players Stats for Ducks

Player Name              G  A  P  +/- PIM S  H  SB GA TA FO     MP     PP MP  PK MP  
------------------------------------------------------------------------------------
Anton Stralman           0  1  1   1  0   1  0  0  0  1  0/0    24:10   3:23   5:37 
Brett Bellemore          0  0  0   0  0   0  0  0  0  1  0/0    12:18   0:00   0:00 
Dennis Wideman           0  0  0  -2  0   2  1  1  1  2  0/0    25:35   3:21   6:18 
James Neal               0  0  0  -1  0   1  1  0  1  1  0/0    19:37   3:19   2:13 
James Sheppard           0  0  0   0  0   0  1  0  0  0  5/6     3:00   0:00   2:47 
Joey Crabb               0  0  0   0  0   0  0  0  0  0  0/0     0:00   0:00   0:00 
Jonathan Huberdeau       0  0  0   0  2   2  2  0  2  1  0/0    14:37   0:00   0:00 
Marc Staal               0  0  0   1  2   5  0  2  1  2  0/0    23:45   3:23   4:55 
Martin St. Louis         0  0  0  -1  6   2  1  1  4  1  6/8    22:28   3:19   4:49 
Matt Frattin             0  0  0   0  0   0  0  0  0  0  0/0     0:00   0:00   0:00 
Matthew Carle            0  0  0  -2  0   1  0  0  1  2  0/0    25:35   3:21   6:18 
Michal Rozsival          0  0  0   0  0   0  1  0  0  1  0/0    13:08   0:00   0:42 
Mike Richards            0  0  0  -2  0   0  0  1  0  0  10/16  23:35   3:19   6:17 
Patrick Kane             0  0  0   0  0   5  0  0  8  0  0/2    20:47   3:25   2:13 
Sean Bergenheim          0  0  0   0  2   2  4  0  1  0  0/0    19:27   3:25   1:44 
TJ Galiardi              0  1  1   1  0   1  2  0  0  0  0/1    16:21   0:00   2:26 
Tom Pyatt                1  0  1   1  0   1  0  0  2  0  3/3    13:55   0:00   0:00 
Tyler Bozak              0  0  0   0  0   3  1  0  8  0  11/13  17:53   3:25   0:00 

3 Stars

1 - Cal Heeter (Fla)
2 - David Booth (Fla)
3 - Alex Galchenyuk (Fla)

Power Play

Panthers - 0 on 6 Attempt(s) - 0.00%
Ducks - 0 on 4 Attempt(s) - 0.00%

Penalty Kill

Panthers - 4 on 4 Attempt(s) - 100.00% - Score 0 goal in Penalty Kill
Ducks - 6 on 6 Attempt(s) - 100.00% - Score 0 goal in Penalty Kill

Official

Referees : Unknown
Linesman : Unknown

Game Notes

Seth Jones is injured at 8:33 of 3rd period (Lower Body)

Finance

Level 1 -- Attendance: 4283 (71.38%) -- Ticket Income $406,885
Level 2 -- Attendance: 5000 (100.00%) -- Ticket Income $250,000
Level 3 -- Attendance: 2000 (100.00%) -- Ticket Income $60,000
Level 4 -- Attendance: 3496 (87.40%) -- Ticket Income $62,928
Luxury Box -- Attendance: 727 (72.70%) -- Ticket Income $134,495
Game was played at the Honda Center
Total Attendance: 15506 (86.14%)
Total Ticket Income: $914,308
Other Income: $448,011
Total Income: $1,362,319

Panthers

5 vs 5 Forward 
   Center                   Left Wing                Right Wing               Time % Phy DF OF 
 1 Brad Boyes               Mats Zuccarello          Josh Bailey              35     1   2  2  
 2 Shawn Horcoff            Dustin Penner            Jakob Silfverberg        30     1   2  2  
 3 Alex Galchenyuk          David Booth              Joe Colborne             22     1   2  2  
 4 Nino Niederreiter        Colin McDonald           Brad Boyes               13     1   2  2  

5 vs 5 Defense 
   Defense                  Defense                                           Time % Phy DF OF 
 1 Marco Scandella          Jack Hillen                                       35     1   2  2  
 2 Seth Jones               Paul Ranger                                       30     1   2  2  
 3 Seth Jones               Adam Larsson                                      22     1   2  2  
 4 Marco Scandella          Simon Despres                                     13     1   2  2  

PowerPlay Forward 
   Center                   Left Wing                Right Wing               Time % Phy DF OF 
 1 Brad Boyes               Mats Zuccarello          Josh Bailey              60     1   2  2  
 2 Shawn Horcoff            Dustin Penner            Jakob Silfverberg        40     1   2  2  

PowerPlay Defense
   Defense                  Defense                                           Time % Phy DF OF 
 1 Marco Scandella          Jack Hillen                                       60     1   2  2  
 2 Adam Larsson             Paul Ranger                                       40     1   2  2  

Penalty Kill 4 Players Forward 
   Center                   Wing                     Time % Phy DF OF 
 1 Mats Zuccarello          Brad Boyes               60     1   2  2  
 2 Shawn Horcoff            Josh Bailey              40     1   2  2  

Penalty Kill 4 Players Defense
   Defense                  Defense                  Time % Phy DF OF 
 1 Marco Scandella          Seth Jones               60     1   2  2  
 2 Adam Larsson             Paul Ranger              40     1   2  2  

Penalty Kill - 3 Players Forward 
   Forward                                           Time % Phy DF OF 
 1 Mats Zuccarello                                   60     1   2  2  
 2 Brad Boyes                                        40     1   2  2  

Penalty Kill - 3 Players Defense
   Defense                  Defense                  Time % Phy DF OF 
 1 Marco Scandella          Jack Hillen              60     1   2  2  
 2 Adam Larsson             Paul Ranger              40     1   2  2  

4 vs 4 Forward 
   Center                   Wing                     Time % Phy DF OF 
 1 Mats Zuccarello          Brad Boyes               60     1   2  2  
 2 Shawn Horcoff            Josh Bailey              40     1   2  2  

4 vs 4 Defense
   Defense                  Defense                  Time % Phy DF OF 
 1 Marco Scandella          Adam Larsson             60     1   2  2  
 2 Seth Jones               Paul Ranger              40     1   2  2  

Last Minutes Offensive
   Center                   Left Wing                Right Wing               Defense                  Defense                  
   Brad Boyes               Mats Zuccarello          Josh Bailey              Marco Scandella          Jack Hillen              

Last Minutes Defensive
   Center                   Left Wing                Right Wing               Defense                  Defense                  
   Brad Boyes               Mats Zuccarello          Josh Bailey              Marco Scandella          Jack Hillen              

Goaltenders
Starting : Cal Heeter               
Backup : Martin Biron             

Extra Forwards
Normal : Alex Galchenyuk, David Booth, Joe Colborne - PP : Alex Galchenyuk, David Booth - PK : Joe Colborne
Extra Defensemen
Normal : Marco Scandella, Adam Larsson, Paul Ranger - PP : Marco Scandella - PK : Adam Larsson, Marco Scandella
Penalty Shots
Mats Zuccarello, Brad Boyes, Shawn Horcoff, Josh Bailey, Dustin Penner

Ducks

5 vs 5 Forward 
   Center                   Left Wing                Right Wing               Time % Phy DF OF 
 1 Mike Richards            Martin St. Louis         James Neal               35     1   2  2  
 2 Tyler Bozak              Sean Bergenheim          Patrick Kane             35     1   2  2  
 3 Tom Pyatt                TJ Galiardi              Jonathan Huberdeau       20     1   2  2  
 4 Tyler Bozak              Martin St. Louis         Patrick Kane             10     1   2  2  

5 vs 5 Defense 
   Defense                  Defense                                           Time % Phy DF OF 
 1 Matthew Carle            Dennis Wideman                                    35     1   2  2  
 2 Marc Staal               Anton Stralman                                    30     1   2  2  
 3 Brett Bellemore          Michal Rozsival                                   22     1   2  2  
 4 Matthew Carle            Dennis Wideman                                    13     1   2  2  

PowerPlay Forward 
   Center                   Left Wing                Right Wing               Time % Phy DF OF 
 1 Mike Richards            Martin St. Louis         James Neal               60     1   2  2  
 2 Tyler Bozak              Sean Bergenheim          Patrick Kane             40     1   2  2  

PowerPlay Defense
   Defense                  Defense                                           Time % Phy DF OF 
 1 Matthew Carle            Dennis Wideman                                    60     1   2  2  
 2 Marc Staal               Anton Stralman                                    40     1   2  2  

Penalty Kill 4 Players Forward 
   Center                   Wing                     Time % Phy DF OF 
 1 Martin St. Louis         Mike Richards            60     1   2  2  
 2 James Neal               Patrick Kane             40     1   2  2  

Penalty Kill 4 Players Defense
   Defense                  Defense                  Time % Phy DF OF 
 1 Matthew Carle            Dennis Wideman           60     1   2  2  
 2 Marc Staal               Anton Stralman           40     1   2  2  

Penalty Kill - 3 Players Forward 
   Forward                                           Time % Phy DF OF 
 1 Martin St. Louis                                  60     1   2  2  
 2 Mike Richards                                     40     1   2  2  

Penalty Kill - 3 Players Defense
   Defense                  Defense                  Time % Phy DF OF 
 1 Matthew Carle            Dennis Wideman           60     1   2  2  
 2 Marc Staal               Anton Stralman           40     1   2  2  

4 vs 4 Forward 
   Center                   Wing                     Time % Phy DF OF 
 1 Martin St. Louis         Mike Richards            60     1   2  2  
 2 James Neal               Patrick Kane             40     1   2  2  

4 vs 4 Defense
   Defense                  Defense                  Time % Phy DF OF 
 1 Matthew Carle            Dennis Wideman           60     1   2  2  
 2 Marc Staal               Anton Stralman           40     1   2  2  

Last Minutes Offensive
   Center                   Left Wing                Right Wing               Defense                  Defense                  
   Mike Richards            Martin St. Louis         James Neal               Matthew Carle            Dennis Wideman           

Last Minutes Defensive
   Center                   Left Wing                Right Wing               Defense                  Defense                  
   Mike Richards            Martin St. Louis         James Neal               Matthew Carle            Dennis Wideman           

Goaltenders
Starting : Jonathan Bernier         
Backup : Martin Brodeur           

Extra Forwards
Normal : Jonathan Huberdeau, TJ Galiardi, James Sheppard - PP : Jonathan Huberdeau, TJ Galiardi - PK : James Sheppard
Extra Defensemen
Normal : Brett Bellemore, Michal Rozsival, Marc Staal - PP : Brett Bellemore - PK : Michal Rozsival, Marc Staal
Penalty Shots
Martin St. Louis, Mike Richards, James Neal, Patrick Kane, Tyler Bozak

% Time on Ice - Panthers

Lines # - Real PCT - Wanted PCT - Time Play
Normal Forward
1 - 25% - 35% - 10:52
2 - 32% - 30% - 13:34
3 - 25% - 22% - 10:46
4 - 18% - 13% - 7:30
Normal Defense
1 - 31% - 35% - 13:21
2 - 33% - 30% - 14:08
3 - 22% - 22% - 9:24
4 - 14% - 13% - 5:49
PP Forward
1 - 56% - 60% - 5:57
2 - 44% - 40% - 4:37
PP Defense
1 - 52% - 60% - 5:27
2 - 48% - 40% - 5:07
PK Forward
1 - 79% - 60% - 4:21
2 - 21% - 40% - 1:11
PK Defense
1 - 56% - 60% - 3:07
2 - 44% - 40% - 2:25
PK3 Forward
1 - 100% - 60% - 1:12
2 - 0% - 40% - 0:00
PK3 Defense
1 - 39% - 60% - 0:28
2 - 61% - 40% - 0:44
44 Forward
1 - 100% - 60% - 2:04
2 - 0% - 40% - 0:00
44 Defense
1 - 53% - 60% - 1:06
2 - 47% - 40% - 0:58
Last Minute Offensive  - 0:00
Last Minute Defensive  - 0:00
Total
Forward - 62:04
Defense - 62:04

% Time on Ice - Ducks

Lines # - Real PCT - Wanted PCT - Time Play
Normal Forward
1 - 32% - 35% - 13:37
2 - 35% - 35% - 14:48
3 - 33% - 20% - 13:55
4 - 1% - 10% - 0:22
Normal Defense
1 - 34% - 35% - 14:20
2 - 35% - 30% - 14:49
3 - 29% - 22% - 12:18
4 - 3% - 13% - 1:15
PP Forward
1 - 49% - 60% - 3:19
2 - 51% - 40% - 3:25
PP Defense
1 - 50% - 60% - 3:21
2 - 50% - 40% - 3:23
PK Forward
1 - 79% - 60% - 8:21
2 - 21% - 40% - 2:13
PK Defense
1 - 52% - 60% - 5:32
2 - 48% - 40% - 5:02
PK3 Forward
1 - 100% - 60% - 1:21
2 - 0% - 40% - 0:00
PK3 Defense
1 - 57% - 60% - 0:46
2 - 43% - 40% - 0:35
44 Forward
1 - 100% - 60% - 0:43
2 - 0% - 40% - 0:00
44 Defense
1 - 51% - 60% - 0:22
2 - 49% - 40% - 0:21
Last Minute Offensive  - 0:00
Last Minute Defensive  - 0:00
Total
Forward - 62:04
Defense - 62:04

Play by Play

1st period


0:01 of 1st period - Brad Boyes wins face-off versus Martin St. Louis in neutral zone.
0:10 of 1st period - Mats Zuccarello is hit by Martin St. Louis and loses puck.
0:17 of 1st period - Snap shot by James Neal.
0:17 of 1st period - Stopped by Cal Heeter without a rebound.
0:18 of 1st period - Brad Boyes wins face-off versus Mike Richards in Panthers zone.
1:03 of 1st period - Slapshot by Patrick Kane.
1:03 of 1st period - Deflect By Tyler Bozak.
1:03 of 1st period - Stopped by Cal Heeter with a rebound.
1:05 of 1st period - Snap shot by Marc Staal.
1:05 of 1st period - Stopped by Cal Heeter with a rebound.
1:07 of 1st period - Slapshot by Marc Staal.
1:07 of 1st period - Stopped by Cal Heeter with a rebound.
1:09 of 1st period - Slapshot by Marc Staal.
1:09 of 1st period - Shot Blocked by Marco Scandella.
1:11 of 1st period - Snap shot by Marc Staal.
1:11 of 1st period - Shot Misses the Net.
1:21 of 1st period - Snap shot by Patrick Kane.
1:21 of 1st period - Stopped by Cal Heeter with a rebound.
1:25 of 1st period - Snap shot by Patrick Kane.
1:25 of 1st period - Stopped by Cal Heeter with a rebound.
1:27 of 1st period - Slapshot by Marc Staal.
1:27 of 1st period - Stopped by Cal Heeter with a rebound.
1:29 of 1st period - Snap shot by Patrick Kane.
1:29 of 1st period - Shot Misses the Net.
1:31 of 1st period - Slapshot by Marc Staal.
1:31 of 1st period - Stopped by Cal Heeter with a rebound.
1:37 of 1st period - Minor Penalty to Shawn Horcoff for Interference.
1:38 of 1st period - Mats Zuccarello wins face-off versus Mike Richards in Panthers zone.
1:58 of 1st period - Off-side.
1:59 of 1st period - Tyler Bozak wins face-off versus Mats Zuccarello in neutral zone.
3:16 of 1st period - Snap shot by Tyler Bozak.
3:16 of 1st period - Shot Misses the Net.
3:22 of 1st period - Wrist shot by Patrick Kane.
3:22 of 1st period - Deflect By Tyler Bozak.
3:22 of 1st period - Shot Misses the Net.
3:22 of 1st period - Puck is out of play.
3:23 of 1st period - Tyler Bozak wins face-off versus Joe Colborne in Panthers zone.
3:37 of 1st period - Penalty to Shawn Horcoff is over, Shawn Horcoff is back on ice.
4:08 of 1st period - Josh Bailey is hit by Dennis Wideman and loses puck.
4:21 of 1st period - Colin McDonald is hit by Jonathan Huberdeau and loses puck.
4:36 of 1st period - Brad Boyes is hit by Tyler Bozak and loses puck.
5:40 of 1st period - Minor Penalty to Paul Ranger for High sticking.
5:41 of 1st period - Mike Richards wins face-off versus Mats Zuccarello in Panthers zone.
5:50 of 1st period - Slapshot by James Neal.
5:50 of 1st period - Shot Blocked by Adam Larsson.
6:27 of 1st period - Minor Penalty to Adam Larsson for Tripping.
6:28 of 1st period - Mike Richards wins face-off versus Mats Zuccarello in Panthers zone.
7:06 of 1st period - Slapshot by Sean Bergenheim.
7:06 of 1st period - Stopped by Cal Heeter without a rebound.
7:07 of 1st period - Tyler Bozak wins face-off versus Mats Zuccarello in Panthers zone.
7:40 of 1st period - Penalty to Paul Ranger is over, Paul Ranger is back on ice.
7:41 of 1st period - Marc Staal is hit by Paul Ranger and loses puck.
8:25 of 1st period - Marco Scandella is hit by Sean Bergenheim and loses puck.
8:27 of 1st period - Penalty to Adam Larsson is over, Adam Larsson is back on ice.
8:52 of 1st period - Off-side.
8:53 of 1st period - Tom Pyatt wins face-off versus Nino Niederreiter in neutral zone.
9:10 of 1st period - Wrist shot by Brad Boyes.
9:10 of 1st period - Deflect By Nino Niederreiter.
9:10 of 1st period - Stopped by Jonathan Bernier with a rebound.
9:20 of 1st period - Wrist shot by TJ Galiardi.
9:20 of 1st period - Shot Blocked by Brad Boyes.
9:22 of 1st period - Snap shot by Tom Pyatt.
9:22 of 1st period - Shot Blocked by Colin McDonald.
9:24 of 1st period - Slapshot by Anton Stralman.
9:24 of 1st period - Deflect By Tom Pyatt.
9:24 of 1st period - Deflect By Marco Scandella.
9:24 of 1st period - Goal by Tom Pyatt - Panthers : 0 - Ducks : 1.
9:25 of 1st period - Tyler Bozak wins face-off versus Alex Galchenyuk in neutral zone.
9:38 of 1st period - Tyler Bozak is hit by David Booth and loses puck.
9:45 of 1st period - Backhand shot by Alex Galchenyuk.
9:45 of 1st period - Deflect By Joe Colborne.
9:45 of 1st period - Stopped by Jonathan Bernier without a rebound.
9:46 of 1st period - Mike Richards wins face-off versus Brad Boyes in Ducks zone.
10:24 of 1st period - Snap shot by Martin St. Louis.
10:24 of 1st period - Shot Hit the Post.
12:15 of 1st period - Snap shot by Brad Boyes.
12:15 of 1st period - Shot Misses the Net.
12:21 of 1st period - Snap shot by Brad Boyes.
12:21 of 1st period - Shot Misses the Net.
13:05 of 1st period - Snap shot by TJ Galiardi.
13:05 of 1st period - Stopped by Cal Heeter with a rebound.
13:35 of 1st period - Slapshot by Alex Galchenyuk.
13:35 of 1st period - Stopped by Jonathan Bernier with a rebound.
13:37 of 1st period - Wrist shot by Seth Jones.
13:37 of 1st period - Deflect By Martin St. Louis.
13:37 of 1st period - Stopped by Jonathan Bernier with a rebound.
13:39 of 1st period - Slapshot by Seth Jones.
13:39 of 1st period - Stopped by Jonathan Bernier without a rebound.
13:40 of 1st period - Tyler Bozak wins face-off versus Alex Galchenyuk in Ducks zone.
15:58 of 1st period - Double Minor Penalty to Martin St. Louis for Roughing.
15:59 of 1st period - James Sheppard wins face-off versus Brad Boyes in Ducks zone.
16:07 of 1st period - Off-side.
16:08 of 1st period - James Sheppard wins face-off versus Brad Boyes in neutral zone.
16:14 of 1st period - Slapshot by Dennis Wideman.
16:14 of 1st period - Stopped by Cal Heeter without a rebound.
16:15 of 1st period - Brad Boyes wins face-off versus James Sheppard in Panthers zone.
16:47 of 1st period - Wrist shot by Dustin Penner.
16:47 of 1st period - Deflect By Jakob Silfverberg.
16:47 of 1st period - Shot Misses the Net.
16:47 of 1st period - Puck is out of play.
16:48 of 1st period - James Sheppard wins face-off versus Shawn Horcoff in Ducks zone.
16:57 of 1st period - Dustin Penner is hit by James Sheppard and loses puck.
19:03 of 1st period - Slapshot by Matthew Carle.
19:03 of 1st period - Stopped by Cal Heeter without a rebound.
19:04 of 1st period - James Sheppard wins face-off versus Brad Boyes in Panthers zone.
19:23 of 1st period - Snap shot by Josh Bailey.
19:23 of 1st period - Shot Misses the Net.
19:33 of 1st period - Sean Bergenheim is hit by Paul Ranger and loses puck.
19:58 of 1st period - Penalty to Martin St. Louis is over, Martin St. Louis is back on ice.
Goals for this period are 0 for Panthers vs 1 for Ducks.
Shots for this period are 5 for Panthers vs 13 for Ducks.

2nd period


0:01 of 2nd period - Tyler Bozak wins face-off versus Brad Boyes in neutral zone.
0:58 of 2nd period - Marc Staal is hit by Marco Scandella and loses puck.
1:05 of 2nd period - Wrist shot by James Neal.
1:05 of 2nd period - Shot Misses the Net.
1:39 of 2nd period - TJ Galiardi is hit by David Booth and loses puck.
1:50 of 2nd period - Backhand shot by Alex Galchenyuk.
1:50 of 2nd period - Stopped by Jonathan Bernier without a rebound.
1:51 of 2nd period - Nino Niederreiter wins face-off versus TJ Galiardi in Ducks zone.
2:13 of 2nd period - Jonathan Huberdeau is hit by Brad Boyes and loses puck.
2:40 of 2nd period - Marc Staal is hit by David Booth and loses puck.
3:06 of 2nd period - Minor Penalty to Martin St. Louis for Holding.
3:07 of 2nd period - James Sheppard wins face-off versus Brad Boyes in Ducks zone.
3:54 of 2nd period - Snap shot by Jakob Silfverberg.
3:54 of 2nd period - Shot Misses the Net.
5:06 of 2nd period - Penalty to Martin St. Louis is over, Martin St. Louis is back on ice.
5:32 of 2nd period - Brett Bellemore is hit by Alex Galchenyuk and loses puck.
6:37 of 2nd period - Marco Scandella is hit by TJ Galiardi.
7:15 of 2nd period - Snap shot by Josh Bailey.
7:15 of 2nd period - Deflect By Brad Boyes.
7:15 of 2nd period - Stopped by Jonathan Bernier without a rebound.
7:16 of 2nd period - Brad Boyes wins face-off versus Mike Richards in Ducks zone.
7:19 of 2nd period - Snap shot by Brad Boyes.
7:19 of 2nd period - Shot Blocked by Mike Richards.
7:21 of 2nd period - Slapshot by Paul Ranger.
7:21 of 2nd period - Deflect By Mats Zuccarello.
7:21 of 2nd period - Stopped by Jonathan Bernier without a rebound.
7:22 of 2nd period - Mike Richards wins face-off versus Brad Boyes in Ducks zone.
7:26 of 2nd period - Off-side.
7:27 of 2nd period - Brad Boyes wins face-off versus Mike Richards in neutral zone.
7:33 of 2nd period - Slapshot by Marco Scandella.
7:33 of 2nd period - Deflect By Matthew Carle.
7:33 of 2nd period - Stopped by Jonathan Bernier with a rebound.
7:35 of 2nd period - Wrist shot by Marco Scandella.
7:35 of 2nd period - Stopped by Jonathan Bernier with a rebound.
7:37 of 2nd period - Wrist shot by Marco Scandella.
7:37 of 2nd period - Deflect By Dennis Wideman.
7:37 of 2nd period - Stopped by Jonathan Bernier without a rebound.
7:38 of 2nd period - Shawn Horcoff wins face-off versus Tyler Bozak in Ducks zone.
9:25 of 2nd period - Wrist shot by Jonathan Huberdeau.
9:25 of 2nd period - Stopped by Cal Heeter with a rebound.
9:41 of 2nd period - Anton Stralman is hit by Marco Scandella and loses puck.
9:52 of 2nd period - Slapshot by Shawn Horcoff.
9:52 of 2nd period - Stopped by Jonathan Bernier with a rebound.
10:04 of 2nd period - Jack Hillen is hit by Sean Bergenheim and loses puck.
10:13 of 2nd period - Slapshot by Marco Scandella.
10:13 of 2nd period - Shot Blocked by Marc Staal.
12:27 of 2nd period - Wrist shot by Sean Bergenheim.
12:27 of 2nd period - Shot Blocked by Jack Hillen.
13:11 of 2nd period - Wrist shot by Tyler Bozak.
13:11 of 2nd period - Stopped by Cal Heeter with a rebound.
13:13 of 2nd period - Wrist shot by Brett Bellemore.
13:13 of 2nd period - Shot Blocked by Mats Zuccarello.
13:15 of 2nd period - Wrist shot by Tyler Bozak.
13:15 of 2nd period - Stopped by Cal Heeter without a rebound.
13:16 of 2nd period - Tyler Bozak wins face-off versus Nino Niederreiter in Panthers zone.
13:27 of 2nd period - Snap shot by Martin St. Louis.
13:27 of 2nd period - Shot Misses the Net.
13:29 of 2nd period - Slapshot by Marc Staal.
13:29 of 2nd period - Deflect By Mike Richards.
13:29 of 2nd period - Shot Blocked by Adam Larsson.
13:29 of 2nd period - Puck is out of play.
13:30 of 2nd period - Mike Richards wins face-off versus Nino Niederreiter in Panthers zone.
14:11 of 2nd period - Dennis Wideman is hit by Paul Ranger and loses puck.
14:25 of 2nd period - Off-side.
14:26 of 2nd period - Mike Richards wins face-off versus Brad Boyes in neutral zone.
14:54 of 2nd period - Tom Pyatt is hit by Joe Colborne and loses puck.
15:21 of 2nd period - Slapshot by Nino Niederreiter.
15:21 of 2nd period - Shot Misses the Net.
16:45 of 2nd period - Icing by Seth Jones.
16:46 of 2nd period - Mike Richards wins face-off versus Alex Galchenyuk in Panthers zone.
16:55 of 2nd period - Backhand shot by Alex Galchenyuk.
16:55 of 2nd period - Shot Misses the Net.
17:50 of 2nd period - Wrist shot by Patrick Kane.
17:50 of 2nd period - Stopped by Cal Heeter without a rebound.
17:51 of 2nd period - Tyler Bozak wins face-off versus Jakob Silfverberg in Panthers zone.
18:52 of 2nd period - Jonathan Huberdeau is hit by Simon Despres and loses puck.
19:16 of 2nd period - Michal Rozsival is hit by Nino Niederreiter.
19:27 of 2nd period - Seth Jones is hit by James Neal.
19:47 of 2nd period - Wrist shot by Jakob Silfverberg.
19:47 of 2nd period - Deflect By Dustin Penner.
19:47 of 2nd period - Shot Misses the Net.
19:47 of 2nd period - Puck is out of play.
19:48 of 2nd period - Shawn Horcoff wins face-off versus Tyler Bozak in Ducks zone.
Goals for this period are 0 for Panthers vs 0 for Ducks.
Shots for this period are 7 for Panthers vs 4 for Ducks.

3rd period


0:01 of 3rd period - Mike Richards wins face-off versus Brad Boyes in neutral zone.
0:12 of 3rd period - Dennis Wideman is hit by Marco Scandella and loses puck.
1:56 of 3rd period - Tom Pyatt is hit by David Booth and loses puck.
2:21 of 3rd period - Wrist shot by Brad Boyes.
2:21 of 3rd period - Goal by Brad Boyes - Panthers : 1 - Ducks : 1.
2:22 of 3rd period - Mats Zuccarello wins face-off versus Patrick Kane in neutral zone.
2:33 of 3rd period - Slapshot by Mats Zuccarello.
2:33 of 3rd period - Shot Misses the Net.
3:50 of 3rd period - Jakob Silfverberg is hit by Jonathan Huberdeau and loses puck.
4:51 of 3rd period - Wrist shot by Alex Galchenyuk.
4:51 of 3rd period - Stopped by Jonathan Bernier with a rebound.
4:53 of 3rd period - Snap shot by Joe Colborne.
4:53 of 3rd period - Stopped by Jonathan Bernier without a rebound.
4:54 of 3rd period - Brad Boyes wins face-off versus Mike Richards in Ducks zone.
4:59 of 3rd period - Wrist shot by Brad Boyes.
4:59 of 3rd period - Shot Blocked by Marc Staal.
5:18 of 3rd period - Minor Penalty to Marc Staal for Tripping.
5:19 of 3rd period - Brad Boyes wins face-off versus Mike Richards in Ducks zone.
7:18 of 3rd period - Penalty to Marc Staal is over, Marc Staal is back on ice.
8:00 of 3rd period - Seth Jones is hit by TJ Galiardi and loses puck.
8:05 of 3rd period - Snap shot by Jonathan Huberdeau.
8:05 of 3rd period - Shot Misses the Net.
8:07 of 3rd period - Slapshot by Marc Staal.
8:07 of 3rd period - Stopped by Cal Heeter without a rebound.
8:08 of 3rd period - Tyler Bozak wins face-off versus Alex Galchenyuk in Panthers zone.
8:15 of 3rd period - Wrist shot by Patrick Kane.
8:15 of 3rd period - Shot Misses the Net.
8:17 of 3rd period - Slapshot by Marc Staal.
8:17 of 3rd period - Shot Misses the Net.
8:19 of 3rd period - Slapshot by Marc Staal.
8:19 of 3rd period - Shot Misses the Net.
8:25 of 3rd period - Wrist shot by Patrick Kane.
8:25 of 3rd period - Stopped by Cal Heeter with a rebound.
8:27 of 3rd period - Snap shot by Marc Staal.
8:27 of 3rd period - Shot Blocked by Joe Colborne.
8:29 of 3rd period - Slapshot by Anton Stralman.
8:29 of 3rd period - Stopped by Cal Heeter with a rebound.
8:31 of 3rd period - Slapshot by Anton Stralman.
8:31 of 3rd period - Shot Blocked by Seth Jones.
8:33 of 3rd period - Wrist shot by Marc Staal.
8:33 of 3rd period - Shot Blocked by Seth Jones.
8:33 of 3rd period - Seth Jones from Panthers is injured at 8:33 of 3rd period (Lower Body).
8:34 of 3rd period - Mike Richards wins face-off versus Brad Boyes in Panthers zone.
8:51 of 3rd period - Backhand shot by Martin St. Louis.
8:51 of 3rd period - Stopped by Cal Heeter with a rebound.
9:05 of 3rd period - Matthew Carle is hit by Brad Boyes and loses puck.
9:35 of 3rd period - Minor Penalty to Sean Bergenheim for Hooking.
9:36 of 3rd period - Martin St. Louis wins face-off versus Shawn Horcoff in Ducks zone.
10:09 of 3rd period - Anton Stralman is hit by Shawn Horcoff and loses puck.
10:39 of 3rd period - Snap shot by Josh Bailey.
10:39 of 3rd period - Shot Misses the Net.
10:41 of 3rd period - Snap shot by Mats Zuccarello.
10:41 of 3rd period - Stopped by Jonathan Bernier without a rebound.
10:42 of 3rd period - Brad Boyes wins face-off versus Martin St. Louis in Ducks zone.
10:45 of 3rd period - Snap shot by Mats Zuccarello.
10:45 of 3rd period - Stopped by Jonathan Bernier with a rebound.
11:35 of 3rd period - Penalty to Sean Bergenheim is over, Sean Bergenheim is back on ice.
11:47 of 3rd period - Wrist shot by Josh Bailey.
11:47 of 3rd period - Deflect By Mats Zuccarello.
11:47 of 3rd period - Shot Misses the Net.
11:47 of 3rd period - Puck is out of play.
11:48 of 3rd period - Tom Pyatt wins face-off versus Brad Boyes in Ducks zone.
12:01 of 3rd period - Snap shot by TJ Galiardi.
12:01 of 3rd period - Shot Misses the Net.
12:43 of 3rd period - Marco Scandella is hit by Sean Bergenheim and loses puck.
13:02 of 3rd period - Wrist shot by Patrick Kane.
13:02 of 3rd period - Stopped by Cal Heeter without a rebound.
13:03 of 3rd period - Martin St. Louis wins face-off versus Shawn Horcoff in Panthers zone.
13:40 of 3rd period - Anton Stralman is hit by Adam Larsson and loses puck.
14:03 of 3rd period - Snap shot by Alex Galchenyuk.
14:03 of 3rd period - Shot Misses the Net.
14:05 of 3rd period - Slapshot by Jack Hillen.
14:05 of 3rd period - Stopped by Jonathan Bernier with a rebound.
14:07 of 3rd period - Slapshot by Paul Ranger.
14:07 of 3rd period - Stopped by Jonathan Bernier with a rebound.
14:09 of 3rd period - Wrist shot by David Booth.
14:09 of 3rd period - Shot Misses the Net.
14:11 of 3rd period - Slapshot by Jack Hillen.
14:11 of 3rd period - Deflect By Tom Pyatt.
14:11 of 3rd period - Stopped by Jonathan Bernier with a rebound.
14:13 of 3rd period - Slapshot by Paul Ranger.
14:13 of 3rd period - Stopped by Jonathan Bernier without a rebound.
14:14 of 3rd period - Tyler Bozak wins face-off versus Nino Niederreiter in Ducks zone.
14:32 of 3rd period - Minor Penalty to Paul Ranger for Holding.
14:33 of 3rd period - Mats Zuccarello wins face-off versus Patrick Kane in Panthers zone.
15:23 of 3rd period - Wrist shot by Martin St. Louis.
15:23 of 3rd period - Shot Misses the Net.
15:37 of 3rd period - Snap shot by Martin St. Louis.
15:37 of 3rd period - Deflect By James Neal.
15:37 of 3rd period - Shot Misses the Net.
15:37 of 3rd period - Puck is out of play.
15:38 of 3rd period - Mike Richards wins face-off versus Joe Colborne in Panthers zone.
15:57 of 3rd period - Wrist shot by Mike Richards.
15:57 of 3rd period - Shot Blocked by David Booth.
16:07 of 3rd period - Joe Colborne is hit by Sean Bergenheim and loses puck.
16:18 of 3rd period - Backhand shot by Mats Zuccarello.
16:18 of 3rd period - Stopped by Jonathan Bernier with a rebound.
16:32 of 3rd period - Penalty to Paul Ranger is over, Paul Ranger is back on ice.
16:49 of 3rd period - Snap shot by Jonathan Huberdeau.
16:49 of 3rd period - Shot Misses the Net.
16:53 of 3rd period - Wrist shot by Jonathan Huberdeau.
16:53 of 3rd period - Stopped by Cal Heeter without a rebound.
16:54 of 3rd period - Tom Pyatt wins face-off versus Shawn Horcoff in Panthers zone.
17:05 of 3rd period - Snap shot by Jakob Silfverberg.
17:05 of 3rd period - Shot Blocked by Dennis Wideman.
17:45 of 3rd period - Snap shot by David Booth.
17:45 of 3rd period - Shot Blocked by Martin St. Louis.
18:09 of 3rd period - Paul Ranger is hit by Michal Rozsival and loses puck.
18:20 of 3rd period - Dennis Wideman is hit by Paul Ranger and loses puck.
18:27 of 3rd period - Wrist shot by Sean Bergenheim.
18:27 of 3rd period - Stopped by Cal Heeter without a rebound.
18:28 of 3rd period - Tyler Bozak wins face-off versus Shawn Horcoff in Panthers zone.
19:21 of 3rd period - Minor Penalty to Jonathan Huberdeau for Boarding.
19:22 of 3rd period - Martin St. Louis wins face-off versus Brad Boyes in Ducks zone.
Goals for this period are 1 for Panthers vs 0 for Ducks.
Shots for this period are 10 for Panthers vs 7 for Ducks.

Overtime #1


0:01 of 1st overtime period - Martin St. Louis wins face-off versus Mats Zuccarello in neutral zone.
0:10 of 1st overtime period - Snap shot by Martin St. Louis.
0:10 of 1st overtime period - Stopped by Cal Heeter without a rebound.
0:11 of 1st overtime period - Martin St. Louis wins face-off versus Mats Zuccarello in Panthers zone.
0:12 of 1st overtime period - Slapshot by Dennis Wideman.
0:12 of 1st overtime period - Deflect By Marco Scandella.
0:12 of 1st overtime period - Stopped by Cal Heeter with a rebound.
0:14 of 1st overtime period - Backhand shot by Dennis Wideman.
0:14 of 1st overtime period - Shot Misses the Net.
0:34 of 1st overtime period - Dennis Wideman is hit by Adam Larsson and loses puck.
0:45 of 1st overtime period - Snap shot by Mats Zuccarello.
0:45 of 1st overtime period - Stopped by Jonathan Bernier without a rebound.
0:46 of 1st overtime period - Martin St. Louis wins face-off versus Mats Zuccarello in Ducks zone.
1:21 of 1st overtime period - Penalty to Jonathan Huberdeau is over, Jonathan Huberdeau is back on ice.
1:26 of 1st overtime period - Anton Stralman is hit by Paul Ranger and loses puck.
2:02 of 1st overtime period - Wrist shot by David Booth.
2:02 of 1st overtime period - Stopped by Jonathan Bernier with a rebound.
2:04 of 1st overtime period - Slapshot by Adam Larsson.
2:04 of 1st overtime period - Deflect By Alex Galchenyuk.
2:04 of 1st overtime period - Goal by Alex Galchenyuk - Panthers : 2 - Ducks : 1.
Goals for this period are 1 for Panthers vs 0 for Ducks.
Shots for this period are 3 for Panthers vs 2 for Ducks.


Output by the SimonT Hockey Simulator (STHS) for Eric Dolegowski -- Original Page W3C XHTML 1.0 Valid
Hockey Simulator - Hockey Simulation - Hockey Manager